 Dungeon Crawl Stone Soup version 0.30-b1-2-g02819fbbbe (webtiles) character file.

Game seed: 17908753485917580055

532 Alarkh the Shooter (level 7, 50/50 HPs)
             Began as a Demonspawn Hunter on May 24, 2023.
             Got out of the dungeon alive.
             The game lasted 00:08:23 (4815 turns).

Alarkh the Shooter (Demonspawn Hunter)              Turns: 4815, Time: 00:08:24

Health: 50/50      AC:  6    Str: 11    XL:     7   Next: 4%
Magic:  7/7        EV: 12    Int: 12    God:
Gold:   100        SH:  4    Dex: 17    Spells: 6/6 levels left

rFire   + . .        a - +1 shortbow
rCold   + + .        (shield currently unavailable)
rNeg    . . .        A - +1 robe {rC+ rF+}
rPois   +            m - +0 hat
rElec   .            (no cloak)
rCorr   .            (no gloves)
SInv    .            e - +2 pair of boots
Will    .....        (no amulet)
Stlth   ++           q - ring of protection from cold
HPRegen 0.28/turn    B - ring of poison resistance
MPRegen 0.10/turn

%: no passive effects
@: no status effects
A: powered by pain 3, condensation shield, demonic touch 2, hooves 1
a: no special abilities


You escaped.
You visited 1 branch of the dungeon, and saw 5 of its levels.

You collected 226 gold pieces.
You spent 126 gold pieces at shops.

Inventory:

Hand Weapons
 a - a +1 shortbow (weapon)
 b - a +1 rapier of protection
Armour
 c - a +1 leather armour
 e - a +2 pair of boots (worn)
 m - a +0 hat (worn)
 A - a +1 robe of resistance (worn)
Jewellery
 q - a ring of protection from cold (left hand)
 B - a ring of poison resistance (right hand)
Scrolls
 d - 3 scrolls of poison
 k - a scroll of immolation
 l - a scroll of enchant armour
 r - a scroll of identify
Potions
 f - 2 potions of attraction
 g - a potion of brilliance
 i - 2 potions of curing
 v - a potion of lignification
 z - a potion of haste
 C - a potion of flight


   Skills:
 - Level 2.0 Fighting
 * Level 7.7 Ranged Weapons
 - Level 1.7 Dodging
 + Level 1.5 Stealth


You had 6 spell levels left.
You didn't know any spells.
Your spell library contained the following spells:

 Spells                   Type           Power      Damage    Failure   Level
 Sublimation of Blood     Necr           0%         N/A       45%         2
 Wereblood                Tmut           0%         N/A       45%         2
 Summon Hydra             Summ           0%         N/A       100%        7


Dungeon Overview and Level Annotations

Branches:
Dungeon (5/15)
 Temple: D:4-7

Altars:

Shops:
D:2 *   D:3 :


Innate Abilities, Weirdness & Mutations

You are powered by pain.
A meltable shield of frost defends you. (SH +4)
Your touch may inflict irresistible damage on your foes.
You have large cloven feet.


Message History

It was a potion of flight.
You feel very buoyant.
You fly up into the air.
As you read the scroll labelled QOSEDIKK VING, it crumbles to dust.
You assume a fearsome visage.
Nothing appears to happen.
It was a scroll of fear.
As you read the scroll labelled QEIHAT BOITACH, it crumbles to dust.
You hear a loud clanging noise!
It was a scroll of noise.
As you read the scroll labelled NOJUMUAXTU, it crumbles to dust.
It is a scroll of enchant weapon.
Your +0 shortbow glows red for a moment.
As you read the scroll labelled EDIH BU YFRATZ, it crumbles to dust.
You feel strangely unstable.
It was a scroll of teleportation.
As you read the scroll labelled DOURYB EBIPPOA, it crumbles to dust.
You feel momentarily disoriented.
It was a scroll of magic mapping.
(D) Dungeon
Where to? (Enter - D:5, ? - help)
What level of the Dungeon? (default 1, ? - help)
Your surroundings suddenly seem different.
(D) Dungeon
Where to? (Enter - D:1, ? - help)
You are starting to lose your buoyancy.
Your extra speed is starting to run out.
You float gracefully downwards.
You feel yourself slow down.
You see here a +0 hand axe.
There is a stone staircase leading up here.
You climb upwards.
There is a stone staircase leading down here.
There is a stone staircase leading up here.
You climb upwards.
There is a stone staircase leading down here.
There is a stone staircase leading up here.
You climb upwards.
There is a stone staircase leading down here.
You can't go up here!
There is a staircase leading out of the dungeon here.
Are you sure you want to leave the Dungeon?
This will make you lose the game!
You have escaped!

#####.......#########.......##..#
##.....####.......####.....##..
###....###.............###....###
......##.....#######.....##....##
.....##....###...#.###....##...##
...(.#....##.....#...##....#....#
######...##...##.##...##...##...#
#........#...##...##...#....#...#
#...######...#..@......#....#...#
#...#....#...##...######....#...#
#.(.##...##...#####........##...#
#....#....##.........#..####....#
##...##....###.....###....#....##
#...........#######.....##....#.
##....###.............###....##.
##.....####.......##.#.....##..
#####.......#########.......###.#


There were no monsters in sight!

Vanquished Creatures
  Sigmund (D:3)
  A hound (D:5)
  Jessica (D:3)
  Ijyb (D:3)
  Natasha (thrice) (D:2)
  11 adders
  3 worms
  5 dart slugs
  8 orcs
  11 ball pythons
  7 bats
  6 endoplasms
  A giant cockroach (D:2)
  4 goblins
  7 hobgoblins
  7 jackals
  8 kobolds
  4 quokkas
  7 frilled lizards
  5 rats
101 creatures vanquished.

Vanquished Creatures (others)
  2 plants (D:2)
2 creatures vanquished.

Grand Total: 103 creatures vanquished

Notes
Turn   | Place    | Note
-------+----------+-------------------------------------------
     0 | D:1      | Alarkh the Demonspawn Hunter began the quest for the Orb.
     0 | D:1      | Reached XP level 1. HP: 16/16 MP: 1/1
   226 | D:1      | Reached skill level 4 in Ranged Weapons
   228 | D:1      | Gained mutation: You sometimes gain a little power by
                  | taking damage. [demonic ancestry]
   228 | D:1      | Reached XP level 2. HP: 22/22 MP: 2/2
   669 | D:1      | Gained mutation: You sometimes gain power by taking damage.
                  | [demonic ancestry]
   669 | D:1      | Reached XP level 3. HP: 23/27 MP: 3/3
  1222 | D:2      | Found Zakkot's Assorted Antiques.
  1232 | D:2      | Bought a purple potion for 24 gold pieces
  1283 | D:2      | Reached skill level 5 in Ranged Weapons
  1529 | D:2      | Gained mutation: Your touch may inflict minor irresistible
                  | damage on your foes. [demonic ancestry]
  1529 | D:2      | Reached XP level 4. HP: 26/33 MP: 4/4
  1622 | D:2      | Noticed Natasha
  1629 | D:2      | Killed Natasha
  1669 | D:2      | Noticed Natasha
  1675 | D:2      | Killed Natasha
  1748 | D:2      | Noticed Natasha
  1758 | D:2      | Killed Natasha
  1759 | D:2      | Gained mutation: You are powered by pain. [demonic
                  | ancestry]
  1759 | D:2      | Reached XP level 5. HP: 38/38 MP: 5/5
  1951 | D:2      | Reached skill level 6 in Ranged Weapons
  2171 | D:2      | Found a faded altar of an unknown god.
  2777 | D:2      | Bought a scroll labelled NOJUMUAXTU for 27 gold pieces
  2777 | D:2      | Bought a scroll labelled EDIH BU YFRATZ for 27 gold pieces
  2883 | D:3      | Noticed Ijyb
  2937 | D:3      | Killed Ijyb
  2938 | D:3      | Reached skill level 1 in Stealth
  3068 | D:3      | Noticed Sigmund
  3157 | D:3      | Killed Sigmund
  3158 | D:3      | Reached skill level 7 in Ranged Weapons
  3158 | D:3      | Gained mutation: Your touch may inflict irresistible damage
                  | on your foes. [demonic ancestry]
  3158 | D:3      | Reached XP level 6. HP: 28/44 MP: 6/6
  3280 | D:3      | Found Nacamaqy's Book Boutique.
  3330 | D:3      | Noticed Jessica
  3332 | D:3      | Killed Jessica
  4505 | D:2      | Bought 2 fuming black potions for 48 gold pieces
  4556 | D:5      | Entered Level 5 of the Dungeon
  4561 | D:5      | Gained mutation: A meltable shield of frost defends you.
                  | (SH +4) [demonic ancestry]
  4561 | D:5      | Reached XP level 7. HP: 50/50 MP: 7/7
  4642 | D:4      | Gained mutation: Your mind is acute. (Int +4, Str/Dex -1)
                  | [potion of mutation]
  4642 | D:4      | Lost mutation: Your mind is acute. (Int +4, Str/Dex -1)
                  | [potion of mutation]
  4642 | D:4      | Gained mutation: You have large cloven feet. [potion of
                  | mutation]
  4815 | D:$      | Got out of the dungeon alive.

Illustrated notes

Levels and vault maps discovered:
D:1:      dpeg_arrival_circle_labyrinth_c, layout_basic
D:2:      minmay_razor_zed, layout_basic, shapermc_ecumenical_altar_hornbeckon,
          serial_shops, nicolae_shop_statue_plus, uniq_natasha
D:3:      minmay_evil_eye, layout_basic, serial_shops, shop,
          minmay_crystal_room, uniq_ijyb, uniq_sigmund, uniq_jessica
D:4:      layout_loops_ring, st_stairs_11, nicolae_figureground_sparkle
D:5:      nicolae_cairo_tiling, layout_loops_ring,
          minmay_temple_entry_enclosed_plants, minmay_pentangle

Skill      XL: |  1  2  3  4  5 |
---------------+----------------+-----
Ranged Weapons | 4 5 7 |  7.7
Stealth        | 1 |  1.5
Fighting       | |  2.0
Dodging        | |  1.7

Action                     |  1- 3 |  4- 6 |  7- 9 || total
---------------------------+-------+-------+-------++-------
  Melee: Dagger            |       |    24 |       ||    24
         Touch             |       |     1 |       ||     1
   Fire: Shortbow          |   103 |   259 |    11 ||   373
    Use: Scroll            |     2 |     5 |     5 ||    12
         Potion            |       |     2 |     8 ||    10
 Armour: Leather armour    |    35 |    46 |       ||    81
         Skin              |       |    32 |       ||    32
         Robe              |       |    12 |     1 ||    13
  Dodge: Dodged            |    52 |   103 |       ||   155
